 Dungeon Crawl Stone Soup version 0.26.1-15-g04117e645d (webtiles) character file.

Game seed: 7049609125272929565

49901 protoss039 the Eclecticist (level 14, 0/80 HPs)
             Began as a Deep Elf Earth Elementalist on July 11, 2021.
             Was a High Priest of Sif Muna.
             Slain by a yak (4 damage)
             ... on level 2 of the Lair of Beasts on June 4, 2022.
             The game lasted 01:12:55 (24827 turns).

protoss039 the Eclecticist (DEEE)                  Turns: 24827, Time: 01:12:56

Health: 0/80       AC: 12    Str:  5    XL:     14   Next: 17%
Magic:  20/37      EV:  8    Int: 36    God:    Sif Muna [*****.]
Gold:   622        SH: 11    Dex: 15    Spells: 31/48 levels left

rFire    . . .     SeeInvis .   Y - +1 dagger (venom)
rCold    + . .     Faith    .   t - +2 tower shield
rNeg     + . .     Spirit   .   F - +0 steam dragon scales
rPois    +         Reflect  .   R - +2 helmet
rElec    +         Harm     .   k - +2 cloak
rCorr    .         Rampage  .   (no gloves)
Will     +....                  z - +0 pair of boots
Stlth    +++.......             x - amulet of regeneration
HPRegen  0.63/turn              r - ring "Nelyot" {rC+ rN+ Int+4 Slay+3}
MPRegen  0.25/turn              y - ring of Compulsion {Wiz rElec rPois Int+6 Stlth+}

@: lethally poisoned (0 -> -1)
A: no striking features
a: Renounce Religion, Channel Magic, Forget Spell, Divine Exegesis


You were on level 2 of the Lair of Beasts.
You worshipped Sif Muna.
Sif Muna was extremely pleased with you.
You visited 3 branches of the dungeon, and saw 18 of its levels.

You collected 1573 gold pieces.
You spent 951 gold pieces at shops.

Inventory:

Hand Weapons
 X - a +1 scimitar of flaming
 Y - a +1 dagger of venom (weapon)
Missiles
 b - 240 stones
Armour
 k - a +2 cloak (worn)
 t - a +2 tower shield (worn)
 z - a +0 pair of boots (worn)
 F - +0 steam dragon scales (worn)
 R - a +2 helmet (worn)
Jewellery
 c - an uncursed ring of willpower
 n - an uncursed ring of wizardry
 r - the ring "Nelyot" (left hand) {rC+ rN+ Int+4 Slay+3}
   (You found it on level 12 of the Dungeon)

   [ring of positive energy]

   It affects your intelligence (+4).
   It affects your accuracy and damage with ranged weapons and melee attacks
   (+3).
   It protects you from cold.
   It protects you from negative energy.
 x - an amulet of regeneration (around neck)
 y - the ring of Compulsion (right hand) {Wiz rElec rPois Int+6 Stlth+}
   (You bought it in a shop on level 5 of the Dungeon)

   [ring of wizardry]

   It improves your spell success rate.
   It affects your intelligence (+6).
   It insulates you from electricity.
   It protects you from poison.
   It makes you more stealthy.
 H - an uncursed ring of flight
 L - an uncursed ring of fire
 T - an uncursed amulet of magic regeneration
Wands
 u - a wand of flame (57)
 E - a wand of polymorph (3)
 K - a wand of iceblast (16)
 N - a wand of digging (4)
 P - a wand of paralysis (39)
 Q - a wand of disintegration (18)
Scrolls
 a - a scroll of teleportation
 d - a scroll of identify
 h - 3 scrolls of enchant armour {unknown}
 l - 6 scrolls of remove curse
 o - 4 scrolls of amnesia {unknown}
 p - a scroll of blinking {unknown}
 q - 3 scrolls of random uselessness {unknown}
 s - 3 scrolls of immolation {unknown}
 A - 3 scrolls of fear {unknown}
 B - 4 scrolls of enchant weapon {unknown}
 D - 3 scrolls of magic mapping
 I - 5 scrolls of fog
 M - a scroll of noise {unknown}
 O - a scroll of torment {unknown}
 W - 2 scrolls of summoning {unknown}
Potions
 e - 8 potions of curing
 f - 2 potions of ambrosia
 g - a potion of haste
 i - 5 potions of flight
 j - a potion of mutation {unknown}
 m - a potion of might {unknown}
 v - 2 potions of berserk rage {unknown}
 w - 3 potions of resistance
 C - 2 potions of cancellation
 G - 2 potions of brilliance {unknown}
 J - 5 potions of degeneration {unknown}
 V - a potion of invisibility {unknown}


   Skills:
 * Level 6.9 Fighting
 * Level 1.2 Armour
 - Level 3.0 Dodging
 - Level 3.0 Stealth
 + Level 0.6 Shields
 + Level 17.8 Spellcasting
 + Level 8.1 Conjurations
 - Level 2.0 Transmutations
 - Level 2.0 Air Magic
 + Level 14.8 Earth Magic
 + Level 10.4 Invocations


You had 31 spell levels left.
You knew the following spells:

 Your Spells              Type           Power        Failure   Level
a - Sandblast             Erth           100%         1%          1
b - Passwall              Tmut/Erth      62%          1%          2
c - Stone Arrow           Conj/Erth      100%         1%          3
d - Swiftness             Air            46%          6%          2
e - Lee's Rapid Deconstr  Erth           47%          1%          5
f - Petrify               Tmut/Erth      75%          3%          4

Your spell library contained the following spells:

 Spells                   Type           Power        Failure   Level
 Shock                    Conj/Air       100%         1%          1
 Static Discharge         Conj/Air       62%          3%          3
 Dazzling Flash           Conj/Hex       100%         6%          3
 Animate Skeleton         Necr           64%          10%         1
 Corona                   Hex            35%          10%         1
 Freeze                   Ice            100%         10%         1
 Pain                     Necr           100%         10%         1
 Ensorcelled Hibernation  Hex/Ice        64%          16%         2
 Hailstorm                Conj/Ice       57%          17%         4
 Confusing Touch          Hex            32%          28%         3
 Frozen Ramparts          Ice            64%          28%         3
 Ozocubu's Armour         Ice            32%          28%         3
 Tukima's Dance           Hex            32%          28%         3
 Vampiric Draining        Necr           16%          28%         3
 Lightning Bolt           Conj/Air       31%          32%         5
 Airstrike                Air            23%          38%         4
 Animate Dead             Necr           16%          65%         4
 Summon Ice Beast         Ice/Summ       32%          65%         4
 Agony                    Necr           32%          92%         5


Dungeon Overview and Level Annotations

Branches:
Dungeon (15/15)            Temple (1/1) D:5            Lair (2/6) D:9
    Orc (0/2) D:12         Vaults (0/5) D:13         Depths (0/5) D:15
  Swamp: Lair:2-4    Shoals: Lair:2-4     Snake: Lair:2-4    Spider: Lair:2-4

Altars:
Ashenzari
Cheibriados
Dithmenos
Elyvilon
Fedhas
Gozag
Hepliaklqana
Kikubaaqudgha
Makhleb
Nemelex Xobeh
Okawaru
Qazlal
Ru
Sif Muna
Trog
Uskayaw
Vehumet
Wu Jian
Xom
Yredelemnul
Zin
The Shining One

Shops:
D:4 =   D:5 =   D:6 *   D:9 (

Annotations:
D:4 Zeebu's ghost, novice DsAK


Message History

You block the yak's attack.
Unknown command.
Unknown command.
You feel sick.
You feel sick.
You feel sick.
You hit the yak but do no damage.
The yak is almost dead.
You feel sick. You block the yak's attack. The yak gores you!
* * * LOW HITPOINT WARNING * * *
The yak closely misses you.
You hit the yak but do no damage.
The yak looks even sicker.
The yak is almost dead.
You feel sick. The yak gores you but does no damage.
You block the yak's attack. The yak gores you.
* * * LOW HITPOINT WARNING * * *
The yak gores you!
* * * LOW HITPOINT WARNING * * *
The yak gores you.
You die...

..... #..(... #...P#..#.##
#.. #.....###.# ...
#..###.#### ##..+# #...#.##
##. ..# #.#...##
..##.###### #.#..+.##
##+P#.#.#.P# #......#
#.......@..# ##......#
###......YYY.# #.......+..
#............#####.........
......)........P.+......##.
.............+...........#
#.P..........##.##......##
###...$......########..##
#.####.+#### .## ## .... .#


You could see 3 yaks.

Vanquished Creatures
  Kirke (D:14)
  Erolcha (D:13)
  7 hydras
  Erica (Lair:2)
  A dancing weapon (D:13)
  4 centaur warriors
  6 two-headed ogres
  2 goliath frogs
  3 unseen horrors
  An orc knight (D:15)
  A salamander (D:15)
  2 orc sorcerers (D:15)
  2 wolf spiders
  3 cyclopes
  A harpy (shapeshifter) (D:14)
  2 ugly things
  3 manticores
  A deep elf mage (D:12)
  Maurice (D:13)
  Joseph (D:8)
  4 gargoyles
  A cane toad (Lair:2)
  Maggie (D:6)
  A rime drake (Lair:1)
  A freezing wraith (D:14)
  An efreet (D:14)
  A komodo dragon (D:15)
  3 kobold demonologists (D:15)
  A meliai (shapeshifter) (D:13)
  6 trolls
  A polar bear (shapeshifter) (D:15)
  5 slime creatures
  3 meliai zombies
  3 shadows
  A yak (shapeshifter) (D:13)
  6 wraiths
  37 yaks
  2 basilisks (D:15)
  7 vampire mosquitoes (D:15)
  A steam dragon (Lair:2)
  A warg (D:12)
  2 water moccasins
  A soldier ant (D:13)
  A hornet zombie (D:6)
  An acid dragon (D:14)
  8 orc warriors
  2 phantoms
  A sky beast (D:9)
  An eye of draining (D:14)
  11 ice beasts
  An eye of draining (shapeshifter) (D:14)
  2 black bears
  A necrophage (D:11)
  4 wolves (Lair:1)
  9 ogres
  13 centaurs
  7 big kobolds
  10 bullfrogs
  A wyvern zombie (D:12)
  A gnoll sergeant (D:6)
  A scorpion (D:13)
  A wyvern skeleton (D:14)
  A water moccasin skeleton (D:8)
  16 wights
  4 electric eels (D:9)
  6 howler monkeys
  4 centaur skeletons
  4 bullfrog zombies
  3 centaur zombies
  6 hounds
  5 jellies
  A bullfrog skeleton (D:5)
  6 orc priests
  17 orc wizards
  5 iguanas
  2 hell rats (Lair:1)
  11 worker ants
  A hound zombie (D:6)
  2 hound skeletons
  A howler monkey zombie (D:6)
  12 gnolls
  13 adders
  6 river rats (Lair:1)
  2 white imps
  4 ufetubi
  An ooze (D:1)
  4 adder skeletons
  An adder zombie (D:9)
  2 worms
  3 dart slugs
  10 leopard geckos
  31 orcs
  4 bats
  4 giant cockroaches
  11 goblins
  10 hobgoblins
  10 jackals
  11 quokkas
  8 frilled lizards
  A giant cockroach zombie (D:5)
  3 jackal zombies (D:5)
  26 kobolds
  10 rats
492 creatures vanquished.

Vanquished Creatures (others)
  A wyvern (D:14)
  A human (D:14)
  A worker ant (D:14)
  A fungus (Lair:1)
  4 plants
8 creatures vanquished.

Grand Total: 500 creatures vanquished

Notes
Turn   | Place    | Note
-------+----------+-------------------------------------------
     0 | D:1      | protoss039 the Deep Elf Earth Elementalist began the quest
                  | for the Orb.
     0 | D:1      | Reached XP level 1. HP: 10/10 MP: 6/6
   136 | D:1      | Reached XP level 2. HP: 15/15 MP: 6/8
   752 | D:1      | Learned a level 2 spell: Passwall
   802 | D:2      | Reached XP level 3. HP: 19/19 MP: 8/10
  1089 | D:2      | Reached skill level 4 in Spellcasting
  1266 | D:2      | Reached XP level 4. HP: 24/24 MP: 7/12
  1768 | D:2      | Learned a level 3 spell: Stone Arrow
  1947 | D:3      | Reached skill level 5 in Spellcasting
  2016 | D:3      | Learned a level 4 spell: Petrify
  2071 | D:3      | Reached XP level 5. HP: 28/28 MP: 11/15
  2922 | D:3      | Learned a level 5 spell: Lee's Rapid Deconstruction
  2933 | D:4      | Reached skill level 5 in Earth Magic
  3244 | D:4      | Found a bloodstained altar of Trog.
  3245 | D:4      | Found a shimmering altar of Xom.
  3254 | D:4      | Reached skill level 6 in Spellcasting
  3659 | D:4      | Reached XP level 6. HP: 32/32 MP: 15/17
  3725 | D:4      | Found a white marble altar of Elyvilon.
  3725 | D:4      | Found a sparkling altar of Nemelex Xobeh.
  4389 | D:5      | Entered Level 5 of the Dungeon
  4598 | D:5      | Found a staircase to the Ecumenical Temple.
  4645 | Temple   | Entered the Ecumenical Temple
  4743 | Temple   | Became a worshipper of Sif Muna the Loreminder
  4773 | D:5      | Reached skill level 1 in Conjurations
  4897 | D:5      | Found Suymanol's Jewellery Emporium.
  5066 | D:5      | Reached skill level 7 in Spellcasting
  5248 | D:5      | Found a runed translucent gate.
  5249 | D:5      | Found a runed translucent gate.
  5249 | D:5      | Found a runed translucent gate.
  5249 | D:5      | Noticed Zeebu's ghost (novice DsAK)
  5750 | D:6      | Reached XP level 7. HP: 16/36 MP: 0/19
  6132 | D:6      | Noticed Maggie
  6134 | D:6      | Reached skill level 1 in Invocations
  6152 | D:6      | Reached skill level 8 in Spellcasting
  6168 | D:6      | Reached * piety under Sif Muna
  6169 | D:6      | Reached skill level 1 in Fighting
  6521 | D:6      | Killed Maggie
  6522 | D:6      | Reached XP level 8. HP: 43/43 MP: 0/22
  6849 | D:6      | Found a white marble altar of Elyvilon.
  6938 | D:6      | Found a hide-covered altar of Uskayaw.
  6948 | D:6      | Found Furr's General Store.
  7044 | D:6      | Bought a scroll of teleportation for 30 gold pieces
  7044 | D:6      | Bought a potion of curing for 30 gold pieces
  7044 | D:6      | Bought a scroll of teleportation for 30 gold pieces
  7044 | D:6      | Bought a scroll of magic mapping for 35 gold pieces
  7269 | D:7      | Reached skill level 9 in Spellcasting
  7502 | D:6      | Reached XP level 9. HP: 48/48 MP: 2/24
  7729 | D:7      | Reached skill level 10 in Spellcasting
  7737 | D:7      | Reached ** piety under Sif Muna
  8209 | D:7      | Reached skill level 11 in Spellcasting
  8727 | D:8      | Noticed Joseph
  9049 | D:8      | Killed Joseph
  9050 | D:8      | Reached skill level 5 in Invocations
  9612 | D:8      | Reached skill level 10 in Earth Magic
  9612 | D:8      | Reached XP level 10. HP: 53/53 MP: 11/27
  9909 | D:9      | Reached skill level 12 in Spellcasting
 10012 | D:9      | Noticed a two-headed ogre
 10032 | D:9      | Killed a two-headed ogre
 10295 | D:9      | Noticed a two-headed ogre
 10312 | D:9      | Killed a two-headed ogre
 10314 | D:9      | Reached skill level 13 in Spellcasting
 11008 | D:9      | Found a stormy altar of Qazlal.
 11065 | D:9      | Found a staircase to the Lair.
 11340 | D:9      | Found Ynuak's Antique Weapon Shop.
 11609 | D:10     | Entered Level 10 of the Dungeon
 11847 | D:10     | Noticed a two-headed ogre
 11850 | D:10     | Killed a two-headed ogre
 11851 | D:10     | Reached XP level 11. HP: 60/60 MP: 16/30
 11937 | D:10     | Noticed a two-headed ogre
 12060 | D:10     | Killed a two-headed ogre
 12081 | D:10     | Reached *** piety under Sif Muna
 12790 | D:11     | Reached skill level 14 in Spellcasting
 12791 | D:11     | Noticed a red ugly thing
 12938 | D:10     | Reached skill level 5 in Conjurations
 13098 | D:11     | Killed a red ugly thing
 13692 | D:11     | Reached **** piety under Sif Muna
 13842 | D:12     | Noticed a green ugly thing
 13964 | D:12     | Noticed a two-headed ogre
 13969 | D:12     | Killed a two-headed ogre
 14130 | D:12     | Noticed a four-headed hydra
 14528 | D:12     | Reached XP level 12. HP: 67/67 MP: 3/32
 14543 | D:12     | HP: 3/67 [deep elf mage/bolt of magma (33)]
 14546 | D:12     | Reached ***** piety under Sif Muna
 14713 | D:12     | Reached skill level 15 in Spellcasting
 14752 | D:12     | Learned a level 2 spell: Swiftness
 14753 | D:12     | Received a gift from Sif Muna
 15063 | D:12     | Killed a four-headed hydra
 15220 | D:12     | Found a staircase to the Orcish Mines.
 15225 | D:12     | Reached skill level 1 in Air Magic
 15629 | D:13     | Noticed Erolcha
 15882 | D:13     | Killed Erolcha
 16125 | D:13     | Reached skill level 5 in Fighting
 16377 | D:13     | Noticed a boulder beetle
 16378 | D:13     | Noticed a centaur warrior
 16381 | D:13     | Killed a centaur warrior
 17328 | D:12     | Reached skill level 16 in Spellcasting
 17507 | D:13     | Noticed Maurice
 17524 | D:13     | Killed Maurice
 17980 | D:13     | Found a gate to the Vaults.
 18279 | D:14     | Noticed Kirke
 18285 | D:14     | Killed Kirke
 18286 | D:14     | Reached XP level 13. HP: 74/74 MP: 4/35
 19595 | D:15     | Entered Level 15 of the Dungeon
 20029 | D:15     | Reached skill level 17 in Spellcasting
 20527 | D:15     | Reached skill level 10 in Invocations
 21376 | D:15     | Found a staircase to the Depths.
 21609 | D:15     | Noticed a spark wasp
 21609 | D:15     | a boulder beetle changed into a spark wasp
 21790 | Lair:1   | Entered Level 1 of the Lair of Beasts
 22402 | Lair:1   | Reached XP level 14. HP: 80/80 MP: 20/37
 22950 | Lair:1   | Upgraded the game from 0.26.1-11-gd32895ea62 to
                  | 0.26.1-15-g04117e645d
 23091 | D:12     | Got a sparkling steel ring
 23096 | D:12     | Identified the ring "Nelyot" {rC+ rN+ Int+4 Slay+3} (You
                  | found it on level 12 of the Dungeon)
 23319 | D:5      | Bought the ring of Compulsion {Wiz rElec rPois Int+6
                  | Stlth+} for 826 gold pieces
 24539 | Lair:2   | Reached skill level 1 in Armour
 24814 | Lair:2   | Noticed Erica
 24821 | Lair:2   | Killed Erica
 24827 | Lair:2   | HP: 4/80 [yak (14)]
 24827 | Lair:2   | Slain by a yak

Illustrated notes

Levels and vault maps discovered:
D:1:      scummos_arrival_checkerplants, layout_basic, minmay_misc_feat_cross
D:2:      layout_basic, minivault_27
D:3:      layout_basic, small_statue_intersection
D:4:      layout_layer_cave, grunt_temple_overflow_open
D:5:      layout_loops_ring, minmay_temple_entry_stoned_glass, serial_shops,
          nicolae_shop_statue_plus, serial_undead, serial_undead_d,
          serial_undead_c, serial_undead_a, serial_undead_b,
          gammafunk_ghost_necromancy, st_stairs_6
D:6:      layout_basic, lemuel_crystal_altar, serial_shops,
          nicolae_shop_statue_plus, elyvilon_altar_3, uniq_maggie
D:7:      layout_gridville
D:8:      layout_basic, uniq_joseph
D:9:      minmay_twisted_water, layout_basic, lemuel_round_altar, serial_shops,
          nicolae_shop_competitors_out_of_business, minmay_checkerbox
D:10:     layout_small_grid, kennysheep_generic_room_8
D:11:     layout_basic, gauntlet_entry_generic, grunt_tough_drop
D:12:     layout_cross, erik_orc_3, serial_glass, glass_columns_b,
          glass_columns_a, unseen_surprise_small, due_unseen_surprise,
          minmay_strange_pillars, item_on_display_a
D:13:     minmay_bloctagon_deflated, layout_cave_pools, erik_vaults_1,
          uniq_erolcha, uniq_maurice
D:14:     minmay_polygon_palace, layout_loops_ring, enter_bailey_5,
          minmay_stone_trees_small, uniq_kirke
D:15:     hangedman_depths_entry_try_elsewhere_first, layout_stronghold,
          serial_glass, glass_columns_a, glass_columns_a
Temple:   compressed_dpeg_circular_temple
Lair:1:   layout_chaotic_city, kennysheep_rathole, serial_bayou_shore_b,
          infiniplex_staircase_pool
Lair:2:   layout_roguey, serial_bayou_shore_b, uniq_erica

Skill      XL: |  1  2  3  4  5  6  7  8  9 10 11 12 13 14 |
---------------+-------------------------------------------+-----
Earth Magic    | 4 5 6 7 8 10 11 12 13 14 | 14.8
Spellcasting   | 4 5 6 7 8 9 11 13 14 16 17 | 17.8
Transmutations | 2 |  2.0
Conjurations   | 1 3 4 5 7 8 |  8.1
Invocations    | 2 3 5 6 8 9 10 | 10.4
Fighting       | 1 2 3 4 5 6 |  6.9
Air Magic      | 2 |  2.0
Dodging        | 3 |  3.0
Stealth        | 3 |  3.0
Armour         | 1 |  1.2
Shields        | |  0.6

Action                   |  1- 3 |  4- 6 |  7- 9 | 10-12 | 13-15 || total
-------------------------+-------+-------+-------+-------+-------++-------
Melee: Unarmed           |     7 |       |       |       |       ||     7
       Spear             |       |    62 |       |       |       ||    62
       Dagger            |       |    20 |    22 |    15 |     4 ||    61
 Cast: Sandblast         |    44 |    75 |    68 |   124 |    29 ||   340
       Stone Arrow       |       |    15 |    40 |   100 |    80 ||   235
       Lee's Rapid Decon |       |     2 |    29 |   129 |   106 ||   266
       Passwall          |       |       |     2 |     6 |     3 ||    11
       Petrify           |       |       |     3 |    26 |    24 ||    53
       Swiftness         |       |       |       |       |     1 ||     1
Invok: Channel Magic     |       |       |       |     2 |     3 ||     5
Evoke: Wand              |       |       |       |       |    11 ||    11
  Use: Scroll            |       |     7 |     3 |    10 |     3 ||    23
       Potion            |       |       |     1 |     4 |     5 ||    10
 Stab: Sleeping          |       |     6 |       |       |       ||     6
       Petrified         |       |       |       |     4 |       ||     4
Armor: Robe              |     9 |    23 |     2 |       |       ||    34
       Steam dragon scal |       |       |    12 |    47 |    29 ||    88
Dodge: Dodged            |    19 |    76 |    43 |   106 |    57 ||   301
Block: Tower shield      |       |       |       |       |    26 ||    26
